 Dungeon Crawl Stone Soup version 0.27.0-66-gdc8fb28755 (webtiles) character file.

Game seed: 5733751772145870469

111 sanka the Chopper (level 4, -1/37 HPs)
             Began as a Palentonga Abyssal Knight on Aug 20, 2021.
             Was a Believer of Lugonu.
             Slain by Pikel (7 damage)
             ... on level 4 of the Dungeon.
             The game lasted 00:02:52 (3392 turns).

sanka the Chopper (Palentonga Abyssal Knight)       Turns: 3392, Time: 00:02:53

Health: -1/37      AC:  4    Str: 16    XL:     4   Next: 62%
Magic:  6/6        EV:  9    Int: 12    God:    Lugonu [**....]
Gold:   189        SH:  0    Dex: 10    Spells: 3/3 levels left

rFire    + . .     SeeInvis +   b - +2 short sword (venom)
rCold    . . .     Faith    .   (no shield)
rNeg     . . .     Spirit   .   g - +0 leather armour
rPois    .         Reflect  .   (no helmet)
rElec    .         Harm     .   (no cloak)
rCorr    .         Rampage  .   (no gloves)
Will     .....                  (no barding)
Stlth    +.........             (no amulet)
HPRegen  0.12/turn              c - ring of protection from fire
MPRegen  0.10/turn              (no ring)

@: no status effects
A: large, rugged brown scales 3, see invisible, deformed body, roll 1, armoured
tail
a: Rolling Charge, Renounce Religion, Depart the Abyss, Bend Space


You were on level 4 of the Dungeon.
You worshipped Lugonu.
Lugonu was pleased with you.
You visited 1 branch of the dungeon, and saw 4 of its levels.
You visited the Abyss 1 time.

You collected 189 gold pieces.


Innate Abilities, Weirdness & Mutations

You are completely covered in rugged brown scales. (AC +3, +7% HP)
You have supernaturally acute eyesight. (SInv)
Armour fits poorly on your strangely shaped body.
You can roll at nearby foes to attack.
You have a long armoured tail.


   Skills:
 + Level 3.4 Fighting
 + Level 4.1 Axes
 - Level 1.5 Armour
 - Level 0.7 Dodging
 + Level 2.7 Invocations


You had 3 spell levels left.
You didn't know any spells.
Your spell library contained the following spells:

 Spells                   Type           Power      Damage    Failure   Level
 Ozocubu's Armour         Ice            0%         N/A       77%         3
 Summon Guardian Golem    Hex/Summ       0%         N/A       77%         3
 Metabolic Englaciation   Hex/Ice        0%         N/A       100%        5
 Simulacrum               Ice/Necr       0%         N/A       100%        6
 Orb of Destruction       Conj           0%         N/A       100%        7
 Spellforged Servitor     Conj/Summ      0%         N/A       100%        7

Inventory:

Hand Weapons
 a - a +1 hand axe
 b - a +2 short sword of venom (weapon)
Missiles
 l - 6 javelins
Armour
 g - a +0 leather armour (worn)
Jewellery
 c - a ring of protection from fire (left hand)
Wands
 h - a wand of acid (8)
Scrolls
 e - a scroll of magic mapping {unknown}
 f - a scroll of vulnerability {unknown}
 i - a scroll of identify {unknown}
 j - 2 scrolls of amnesia {unknown}
 k - a scroll of torment {unknown}
Potions
 d - a potion of heal wounds {unknown}
 m - 2 potions of might {unknown}
 n - a potion of haste {unknown}

Dungeon Overview and Level Annotations

Branches:
Dungeon (4/15)
 Temple: D:4-7

Altars:

Annotations:
D:4 Pikel

▒. ▒▒.▒▒▒▒▒▒▒.▒ ▒▒.▒5▒ ▒
▒.▒ ▒.▒ ▒▒▒.▒5.▒▒▒▒▒▒▒
..▒▒▒.▒ ▒▒▒.▒▒▒
▒..▒▒▒...))..▒
......▒▒▒▒▒.....▒
▒.▒.▒.5▒▒▒▒▒.▒
▒▒..........▒▒▒.▒▒▒.▒▒.▒.▒
.. ▒▒▒▒▒▒▒▒▒..▒
▒.......▒..▒ ▒
▒▒.▒▒▒.▒▒▒.▒▒.▒▒▒
▒.....▒▒▒.▒▒.▒
▒▒▒>..HK55...▒
▒▒▒▒▒▒▒.▒▒▒▒ ▒.▒ ... ...▒▒
.▒▒▒▒ ▒. ▒


You could see Pikel (very poisoned) and 2 lemures.


Message History

The lemure hits you.
You hit the lemure.
The lemure looks as sick as possible!
The lemure is heavily wounded.
The lemure closely misses you. The lemure hits you.
You hit Pikel but do no damage. You tail-slap Pikel.
Pikel is lightly wounded.
You kill the lemure!
That felt strangely unrewarding.
Pikel hits you with a +1 whip of flaming.
You completely miss Pikel.
Pikel is lightly wounded.
Pikel barely misses you.
You hit Pikel but do no damage.
Pikel is poisoned.
Pikel is lightly wounded.
Pikel says, "You'll burn in Gehenna!"
Pikel hits you with a +1 whip of flaming.
* * * LOW HITPOINT WARNING * * *
Pikel burns you.
* * * LOW HITPOINT WARNING * * *
You closely miss Pikel.
Pikel is lightly wounded.
Pikel hits you with a +1 whip of flaming!
* * * LOW HITPOINT WARNING * * *
Pikel cracks his whip.
Pikel hits you with a +1 whip of flaming!
You die...

Action                   |  1- 3 |  4- 6 || total
-------------------------+-------+-------++-------
Melee: Hand axe          |    70 |       ||    70
       Tailslap          |     8 |     5 ||    13
       Short sword       |    43 |    26 ||    69
Armor: Leather armour    |    51 |     3 ||    54
Dodge: Dodged            |    46 |    11 ||    57

Levels and vault maps discovered:
D:1:      lemuel_arrival_behind_the_door_small, layout_basic
D:2:      layout_basic
D:3:      layout_basic
D:4:      layout_loops_ring, uniq_pikel

Notes
Turn   | Place    | Note
-------+----------+-------------------------------------------
     0 | Abyss:1  | sanka the Palentonga Abyssal Knight began the quest for the
                  | Orb.
     0 | Abyss:1  | Reached XP level 1. HP: 19/19 MP: 2/2
     6 | D:1      | Escaped the Abyss
   468 | D:1      | Reached XP level 2. HP: 25/25 MP: 3/3
   658 | D:2      | Reached skill level 3 in Axes
   899 | D:2      | Reached ** piety under Lugonu
   900 | D:2      | Reached XP level 3. HP: 28/31 MP: 4/4
  1857 | D:3      | Noticed an ice beast
  2610 | D:3      | Reached XP level 4. HP: 36/37 MP: 5/5
  2664 | D:3      | Reached skill level 4 in Axes
  3334 | D:4      | Noticed a lemure
  3335 | D:4      | Noticed Pikel
  3336 | D:4      | Noticed a lemure
  3336 | D:4      | Noticed a lemure
  3389 | D:4      | Killed a lemure
  3392 | D:4      | Slain by Pikel

Vanquished Creatures
  A lemure (D:4)
  An orc priest (D:4)
  3 adders
  A worm (D:2)
  A dart slug (D:3)
  3 orcs
  2 bats
  5 giant cockroaches
  2 goblins (D:2)
  5 hobgoblins
  4 jackals (D:2)
  A quokka (D:1)
  3 ball pythons
  6 frilled lizards
  4 kobolds
  4 rats
46 creatures vanquished.
